 Dungeon Crawl Stone Soup version 0.17.1-3-g152610e (webtiles) character file.

14213 DEFE the Thaumaturge (level 11, -2/58 HPs)
             Began as a Deep Elf Fighter on May 4, 2016.
             Was an Elder of Lugonu.
             Slain by an orc warrior
             ... wielding a +0 trident
              (18 damage)
             ... on level 3 of the Orcish Mines.
             The game lasted 00:51:03 (24382 turns).

DEFE the Thaumaturge (Deep Elf Fighter)            Turns: 24382, Time: 00:51:04

Health: -2/58      AC:  8    Str: 16    XL:     11   Next: 85%
Magic:  27/27      EV: 15    Int: 20    God:    Lugonu [****..]
Gold:   919        SH: 13    Dex: 14    Spells: 1 memorised, 28 levels left

rFire  . . .     SeeInvis .     p - +1 dagger (venom)
rCold  + . .     Clarity  .     G - +1 leather armour of Elitism {*Contam rPois Str+3 Stlth+} (curse)
rNeg   + . .     SustAt   .     Q - +3 shield
rPois  +         Gourm    .     x - +0 helmet
rElec  .         Spirit   .     m - +0 cloak
rCorr  .         Warding  .     M - +0 pair of gloves
rMut   .         Stasis   .     b - +0 pair of boots
MR     +....                    (no amulet)
Stlth  +++++.....               L - ring of Tension {rC+ Int+3}
                                B - ring of positive energy

@: somewhat resistant to hostile enchantments, quite stealthy
A: no striking features
a: Depart the Abyss, Bend Space, Banish, Corrupt, Renounce Religion


You were on level 3 of the Orcish Mines.
You worshipped Lugonu.
Lugonu was greatly pleased with you.
You were not hungry.

You visited 3 branches of the dungeon, and saw 14 of its levels.

You collected 1279 gold pieces.
You spent 360 gold pieces at shops.

Inventory:

Hand Weapons
 a - a +0 rapier
 p - a +1 dagger of venom (weapon)
 v - the +10 quarterstaff "Qefoh" {crush, rElec Str+7 Dex+3, unknown}
   (You found it on level 1 of the Lair of Beasts)

   It inflicts extra damage upon your enemies.
   It affects your strength (+7).
   It affects your dexterity (+3).
   It insulates you from electricity.
Missiles
 A - 4 poisoned tomahawks (quivered)
Armour
 b - a +0 pair of boots (worn)
 m - a +0 cloak (worn)
 x - a +0 helmet (worn)
 D - a +0 buckler
 G - the cursed +1 leather armour of Elitism (worn) {*Contam rPois Str+3 Stlth+}
   (You found it on level 5 of the Dungeon)

   It affects your strength (+3).
   It protects you from poison.
   It causes magical contamination when unequipped.
   It makes you more stealthy.
   It has a curse placed upon it.
 M - a +0 pair of gloves (worn)
 Q - a +3 shield (worn)
Jewellery
 B - a ring of positive energy (left hand)
 C - an uncursed ring of flight
 L - the ring of Tension (right hand) {rC+ Int+3}
   (You found it on level 1 of the Lair of Beasts)

   [ring of intelligence]

   It affects your intelligence (+3).
   It protects you from cold.
Wands
 k - a wand of slowing (23)
 y - a wand of digging (8)
 F - a wand of flame (19)
Scrolls
 i - 2 scrolls of recharging
 l - 7 scrolls of remove curse
 n - 3 scrolls of enchant weapon
 s - a scroll of fear
 t - 2 scrolls of immolation
 H - a scroll of identify
Potions
 c - a potion of cure mutation
 d - a potion of might
 f - a potion of ambrosia {unknown}
 o - a potion of mutation {unknown}
 q - a potion of cancellation
 r - 2 potions of curing
 u - 3 potions of brilliance
 w - 4 potions of flight
 E - a potion of agility {unknown}
 I - a potion of berserk rage
 J - 3 potions of haste
 K - a potion of resistance
Books
 z - the Catalogue of Necromancy and Battle Magic
   (You found it on level 1 of the Lair of Beasts)

   Spells                             Type                      Level
   a - Animate Skeleton               Necromancy                   1
   b - Throw Frost                    Conjuration/Ice              2
   c - Sublimation of Blood           Necromancy                   2
   d - Control Undead                 Necromancy                   4
   e - Bolt of Draining               Conjuration/Necromancy       5
   f - Dispel Undead                  Necromancy                   5
Comestibles
 e - 3 bread rations
 g - 5 beef jerkies
 h - 5 meat rations
 j - 3 fruits


   Skills:
 - Level 2.4 Fighting
 + Level 8.4 Short Blades
 - Level 2.4 Armour
 - Level 8.5 Dodging
 + Level 9.9 Stealth
 + Level 7.1 Shields
 + Level 10.2 Spellcasting
 + Level 3.4 Conjurations
 + Level 2.9 Ice Magic
 + Level 8.2 Invocations


You had 28 spell levels left.
You knew the following spells:

 Your Spells              Type           Power        Failure   Level  Hunger
a - Throw Frost           Conj/Ice       ###...       12%         2    None


Dungeon Overview and Level Annotations

Branches:
Dungeon (10/15)            Temple (0/1) D:7            Lair (1/8) D:9
    Orc (3/4) D:10            Elf (0/3) Orc:3

Altars:
Fedhas
Gozag
Okawaru
Sif Muna
Trog
Vehumet
Yredelemnul
Lugonu

Shops:
D:4 :   D:6 *   D:7 *

Annotations:
D:7 1 exclusion, Crazy Yiuf
Lair:1 exclusion: ice statue
Abyss:1 Joseph, Maud, Maurice, Snorg, Urug


Message History

You block the orc warrior's attack.
You barely miss the orc warrior.
The orc warrior is heavily wounded.
You completely miss the orc warrior.
The orc warrior is heavily wounded.
You block the orc warrior's attack.
You closely miss the orc warrior.
The orc warrior is heavily wounded.
You block the orc warrior's attack.
You hit the orc warrior but do no damage.
The orc warrior is severely wounded.
You hit the orc warrior but do no damage.
The orc warrior is severely wounded.
You block the orc warrior's attack.
You hit the orc warrior but do no damage.
The orc warrior is severely wounded.
You hit the orc warrior but do no damage.
The orc warrior is severely wounded.
The orc warrior hits you with a trident!!
You die...

####.#...###......##
##.##..>.## #.......##
#.........###<.......#
#.........##)))...####
##.####....)#[.^.#.##
####...............#
##........#.##.##
##......##.#### ###....#@..#
##....##o## #.......####
####...÷......##
#.#............# #
##.....###......# #
#......###....o.####### ####
###....##>......#[)...###.≈.
##...#.....#....)...)##...


You could see an orc warrior.

Vanquished Creatures
  Erolcha (D:10)
  A komodo dragon (Lair:1)
  11 yaks
  A human (D:7)
  4 wargs
  Menkaure (D:6)
  2 hungry ghosts
  2 porcupines (Lair:1)
  2 water moccasins (Lair:1)
  3 black bears
  7 ogres
  9 orc warriors
  A phantom (D:8)
  6 centaurs
  2 ice beasts
  A sky beast (D:10)
  2 big kobolds
  A gnoll sergeant (D:4)
  A wyvern skeleton (D:7)
  5 giant frogs
  A scorpion (D:5)
  An electric eel (Lair:1)
  3 wights (D:8)
  2 hounds
  4 gnoll shamans
  15 orc priests
  4 giant frog skeletons
  A jelly (D:6)
  19 orc wizards
  Natasha (thrice) (D:4)
  7 worker ants
  9 iguanas
  4 sheep (D:7)
  A hound zombie (D:9)
  Robin (D:3)
  60 gnolls
  9 river rats
  16 adders
  2 shadow imps
  2 oozes
  An adder skeleton (D:6)
  An adder zombie (D:3)
  2 worms
  4 giant geckos
  115 orcs
  4 bats
  9 giant cockroaches
  10 hobgoblins
  14 jackals (D:4)
  7 quokkas
  2 ball pythons
  4 giant newts
  2 gnoll zombies (D:5)
  14 goblins
  A jackal skeleton (D:4)
  A jackal zombie (D:8)
  19 kobolds
  6 rats
443 creatures vanquished.

Vanquished Creatures (others)
  A stone giant (Orc:3)
  2 hydras (Lair:1)
  A manticore (D:10)
  3 spiny frogs (Lair:1)
  A deep elf mage (D:10)
  A wraith (D:10)
  A hippogriff (D:10)
  A water moccasin (D:6)
  2 orc warriors
  A wight (D:8)
  A shadow imp (D:6)
  19 bushes (Lair:1)
  A fungus (Lair:1)
  A plant (Lair:1)
36 creatures vanquished.

Grand Total: 479 creatures vanquished

Notes
Turn   | Place    | Note
--------------------------------------------------------------
     0 | D:1      | DEFE the Deep Elf Fighter began the quest for the Orb.
     0 | D:1      | Reached XP level 1. HP: 13/13 MP: 3/3
   105 | D:1      | Reached skill level 1 in Stealth
   299 | D:1      | Reached XP level 2. HP: 18/18 MP: 4/4
   879 | D:2      | Reached skill level 1 in Spellcasting
   879 | D:2      | Reached XP level 3. HP: 17/22 MP: 4/6
  1039 | D:2      | Reached skill level 1 in Dodging
  1939 | D:2      | Reached XP level 4. HP: 27/27 MP: 9/9
  2096 | D:3      | Noticed Robin
  2731 | D:3      | Killed Robin
  2988 | D:3      | Found a faded altar to an unknown god.
  2996 | D:3      | Reached skill level 3 in Short Blades
  3007 | D:3      | Became a worshipper of Lugonu the Unformed
  3007 | D:3      | Reached * piety under Lugonu
  3007 | D:3      | Reached ** piety under Lugonu
  3109 | D:3      | Reached XP level 5. HP: 19/31 MP: 10/10
  3492 | D:3      | Reached skill level 1 in Invocations
  4246 | D:4      | Found Plog's Book Boutique.
  4344 | D:4      | Found an opulent altar of Gozag.
  4524 | D:4      | Reached *** piety under Lugonu
  4524 | D:4      | Reached XP level 6. HP: 23/36 MP: 12/12
  4622 | D:4      | Noticed Natasha
  4653 | D:4      | Killed Natasha
  4659 | D:4      | Found a blossoming altar of Fedhas.
  4660 | D:4      | Noticed Natasha
  4670 | D:4      | Killed Natasha
  4754 | D:4      | Noticed Natasha
  4893 | D:4      | Killed Natasha
  5009 | D:4      | Noticed an ogre
  5027 | D:4      | Killed an ogre
  5110 | D:4      | Reached XP level 7. HP: 38/40 MP: 14/14
  5190 | D:4      | Noticed a phantom
  5462 | D:4      | Reached skill level 4 in Short Blades
  5575 | D:4      | HP: 2/40 [gnoll/spear (5)]
  6029 | D:4      | Reached **** piety under Lugonu
  7134 | D:4      | Reached XP level 8. HP: 40/45 MP: 17/17
  7177 | D:4      | Noticed a centaur
  7470 | D:4      | Reached skill level 5 in Stealth
  7529 | D:4      | Reached skill level 5 in Spellcasting
  7632 | D:4      | Reached ***** piety under Lugonu
  8012 | D:4      | Found a deep blue altar of Sif Muna.
  8164 | D:5      | Entered Level 5 of the Dungeon
  8528 | D:5      | Found a basalt altar of Yredelemnul.
  8567 | D:5      | Got a transparent leather armour
  8578 | D:5      | Identified the cursed +1 leather armour of Elitism {*Contam rPois Str+3 Stlth+} (You found it on level 5 of the Dungeon)
  8744 | D:6      | Reached skill level 5 in Short Blades
  8883 | D:6      | Found a basalt altar of Yredelemnul.
  8897 | D:6      | Reached skill level 5 in Dodging
  9120 | D:6      | Noticed Menkaure
  9131 | D:6      | Killed Menkaure
  9409 | D:6      | Reached skill level 6 in Spellcasting
  9836 | D:6      | Found a bloodstained altar of Trog.
  9837 | D:6      | Found an iron altar of Okawaru.
  9949 | D:6      | Found Cir Deno's Assorted Antiques.
  9966 | D:6      | Reached XP level 9. HP: 9/49 MP: 20/20
  9970 | D:6      | Bought a scroll labeled FONEZAE CAONK for 36 gold pieces
  9970 | D:6      | Bought 2 fuming sapphire potions for 64 gold pieces
  9970 | D:6      | Bought a scroll labeled FONEZAE CAONK for 36 gold pieces
  9970 | D:6      | Bought a scroll labeled AFIARPH HALI for 36 gold pieces
 10386 | D:7      | Found a staircase to the Ecumenical Temple.
 10744 | D:7      | Found a blossoming altar of Fedhas.
 10889 | D:7      | Found Heaskani's General Store.
 10894 | D:7      | Bought a potion of haste for 130 gold pieces
 10894 | D:7      | Bought a +0 pair of gloves for 58 gold pieces
 10917 | D:7      | Noticed Joseph
 10923 | D:7      | Banished Joseph
 10923 | D:7      | Reached skill level 5 in Invocations
 11366 | D:7      | Reached skill level 5 in Shields
 11509 | D:7      | Reached skill level 7 in Spellcasting
 11661 | D:7      | Noticed Crazy Yiuf
 12230 | D:8      | Noticed Maurice
 12238 | D:8      | Banished Maurice
 13368 | D:8      | Reached XP level 10. HP: 45/54 MP: 23/23
 13910 | D:9      | Found a staircase to the Lair.
 14071 | D:9      | Got a twisted ring mail
 14165 | D:9      | Reached skill level 8 in Spellcasting
 14635 | D:9      | Found a radiant altar of Vehumet.
 14714 | D:8      | HP: 2/54 [warg (3)]
 15369 | D:10     | Entered Level 10 of the Dungeon
 16549 | D:10     | Noticed Erolcha
 16559 | D:10     | Killed Erolcha
 16566 | D:10     | Identified the cursed +0 ring mail of Death's Door {*Contam Regen+ MP+9 Int+3} (You found it on level 9 of the Dungeon)
 16903 | D:10     | Found a staircase to the Orcish Mines.
 16943 | D:10     | Noticed a hill giant
 17253 | D:10     | Noticed a manticore
 17255 | D:10     | Banished a manticore
 17385 | D:10     | Reached skill level 9 in Spellcasting
 17520 | D:10     | Noticed Urug
 17539 | D:10     | Banished Urug
 18116 | D:10     | Reached XP level 11. HP: 58/58 MP: 26/26
 18240 | Lair:1   | Entered Level 1 of the Lair of Beasts
 19251 | Lair:1   | Got a jewelled quarterstaff
 19253 | Lair:1   | Identified the Catalogue of Necromancy and Battle Magic (You found it on level 1 of the Lair of Beasts)
 19503 | Lair:1   | Learned a level 2 spell: Throw Frost
 19610 | Lair:1   | Noticed an eight-headed hydra
 19612 | Lair:1   | Banished an eight-headed hydra
 19857 | Lair:1   | Reached skill level 1 in Conjurations
 20629 | Lair:1   | Reached skill level 1 in Ice Magic
 20631 | Lair:1   | Got a glittering iron ring
 20633 | Lair:1   | Identified the ring of Tension {rC+ Int+3} (You found it on level 1 of the Lair of Beasts)
 21245 | Lair:1   | Noticed a seven-headed hydra
 21249 | Lair:1   | Banished a seven-headed hydra
 21767 | Orc:1    | Entered Level 1 of the Orcish Mines
 21767 | Orc:1    | Noticed Snorg
 21778 | Orc:1    | Banished Snorg
 22978 | Orc:3    | Found a staircase to the Elven Halls.
 23036 | Orc:3    | Noticed Maud
 23051 | Orc:3    | Banished Maud
 23051 | Orc:3    | Reached skill level 10 in Spellcasting
 23249 | Orc:3    | Noticed a stone giant
 23265 | Orc:3    | Banished a stone giant
 24382 | Orc:3    | Slain by an orc warrior

Action                   |  1- 3 |  4- 6 |  7- 9 | 10-12 || total
-------------------------+-------+-------+-------+-------++-------
Melee: Rapier            |   194 |   146 |       |       ||   340
       Dagger            |       |   187 |   901 |  1297 ||  2385
Throw: Tomahawk          |       |     3 |    13 |     2 ||    18
Invok: Banish            |       |       |     5 |    23 ||    28
Evoke: Wand              |       |       |     4 |     1 ||     5
  Use: Potion            |     1 |     2 |     4 |     4 ||    11
       Scroll            |       |       |    20 |     5 ||    25
 Stab: Sleeping          |       |     1 |    16 |    22 ||    39
       Distracted        |       |       |       |     4 ||     4
  Eat: Chunk             |     3 |    11 |    17 |    17 ||    48
       Bread ration      |       |       |     3 |     4 ||     7
       Pizza             |       |       |     3 |     4 ||     7
       Meat ration       |       |       |       |     1 ||     1
